MLB
WASHINGTON NATIONALS @ ST. LOUIS CARDINALS
07/09/2025
 
TOP OF THE 1ST
Washington Nationals batting - Pitching for St. Louis Cardinals : RHP Daniel Missaki
Pitching: RHP Daniel Missaki
Batting: RHB Jeremy Austin 0-0: Ball
1-0: Swinging Strike
1-1: Ball
2-1: SINGLE (Groundball, 4D, EV 95.6 MPH)
Batting: LHB Bryce Harper 0-0: Ball
1-0: Ball
2-0: Called Strike
2-1: Ball
3-1: Base on Balls
Jeremy Austin to second
Batting: LHB David Dahl 0-0: Ball
1-0: SINGLE (Groundball, 6MD, EV 98.8 MPH)
Jeremy Austin to third
Bryce Harper to second
Runner from 3rd tries for Home, SAFE, throw by CF to home
Bryce Harper to third
David Dahl to second
Batting: RHB Oscar Hernandez 0-0: Ball
1-0: Ball
2-0: Called Strike
2-1: Foul Ball, location: 9LDF
2-2: Ball
Wild Pitch!
Bryce Harper scores
David Dahl to third
3-2: Fly out, F8 (Line Drive, 8LM, EV 97.5 MPH)
Runner from 3rd tags up, SCORES, throw by CF
Batting: RHB Aaron Judge 0-0: Foul Ball, location: 2F
0-1: Foul Ball, location: 9LDF
0-2: Foul Ball, location: 2F
0-2: Ball
1-2: Foul Ball, location: 2F
1-2: Ball
2-2: Ball
3-2: SINGLE (Groundball, 4S, EV 68.1 MPH) (infield hit)
Batting: LHB Shane Mardirosian 0-0: Ground out 4-3 (Groundball, 34, EV 88.8 MPH)
Aaron Judge to second
Batting: SHB Lucius Fox Jr. 0-0: Ball
1-0: Foul Ball, location: 2F
1-1: Ball
2-1: SINGLE (Groundball, 6MD, EV 94.4 MPH)
Aaron Judge to third
Runner from 3rd tries for Home, SAFE, throw by CF to home
Lucius Fox Jr. to second
Batting: RHB Mathies Reuter 0-0: Called Strike
0-1: Foul Ball, location: 9LSF
0-2: Strikes out swinging
Top of the 1st over - 4 runs, 4 hits, 0 errors, 1 left on base; Washington 4 - St. Louis 0
BOTTOM OF THE 1ST
St. Louis Cardinals batting - Pitching for Washington Nationals : LHP Steve Moss
Pitching: LHP Steve Moss
Batting: RHB Phil Logan 0-0: Ball
1-0: Fly out, F6 (Popup, P, EV 78.1 MPH)
Batting: RHB Juan Álvarez 0-0: Ground out 6-3 (Groundball, 6S, EV 77.5 MPH)
Batting: RHB Eric Anderson 0-0: Ball
1-0: SINGLE (Line Drive, 8RS, EV 101.9 MPH)
Batting: RHB Sergio Cortés 0-0: Ground out 1-3 (Groundball, P, EV 76.9 MPH)
Bottom of the 1st over - 0 runs, 1 hit, 0 errors, 1 left on base; Washington 4 - St. Louis 0
TOP OF THE 2ND
Washington Nationals batting - Pitching for St. Louis Cardinals : RHP Daniel Missaki
Batting: RHB Miguel Sano 0-0: DOUBLE (Line Drive, 9LD, EV 101.3 MPH)
Batting: RHB Jeremy Austin 0-0: Ball
1-0: Fly out, F8 (Line Drive, 89M, EV 90.0 MPH)
Batting: LHB Bryce Harper 0-0: Fly out, F7 (Line Drive, 7, EV 86.9 MPH)
Batting: LHB David Dahl 0-0: Fly out, F9 (Line Drive, 9, EV 92.5 MPH)
Top of the 2nd over - 0 runs, 1 hit, 0 errors, 1 left on base; Washington 4 - St. Louis 0
BOTTOM OF THE 2ND
St. Louis Cardinals batting - Pitching for Washington Nationals : LHP Steve Moss
Batting: RHB Avery Romero 0-0: Ball
1-0: Called Strike
1-1: Ball
2-1: Foul Ball, location: 25F
2-2: Fly out, F7 (Flyball, 78S, EV 82.5 MPH)
Batting: RHB José Jiménez 0-0: Ground out 5-3 (Groundball, 56, EV 101.9 MPH)
Batting: RHB Brian Schales 0-0: Ball
1-0: Ball
2-0: Foul Ball, location: 2F
2-1: Ball
3-1: Called Strike
3-2: Ground out U3 (Groundball, 34S, EV 88.1 MPH)
Bottom of the 2nd over - 0 runs, 0 hits, 0 errors, 0 left on base; Washington 4 - St. Louis 0
TOP OF THE 3RD
Washington Nationals batting - Pitching for St. Louis Cardinals : RHP Daniel Missaki
Batting: RHB Oscar Hernandez 0-0: Ball
1-0: Ball
2-0: Ball
3-0: Swinging Strike
3-1: Base on Balls
Batting: RHB Aaron Judge 0-0: Called Strike
0-1: Fly out, F8 (Flyball, 8RD, EV 98.8 MPH)
Batting: LHB Shane Mardirosian 0-0: Called Strike
0-1: Called Strike
0-2: Foul Ball, location: 2F
0-2: Strikes out swinging
Batting: SHB Lucius Fox Jr. 0-0: Foul Ball, location: 7LMF
0-1: Fly out, F8 (Line Drive, 8RD, EV 96.9 MPH)
Top of the 3rd over - 0 runs, 0 hits, 0 errors, 1 left on base; Washington 4 - St. Louis 0
BOTTOM OF THE 3RD
St. Louis Cardinals batting - Pitching for Washington Nationals : LHP Steve Moss
Batting: RHB Cal Hewer 0-0: Ball
1-0: Called Strike
1-1: Fly out, F3 (Popup, 3SF, EV 72.5 MPH)
Batting: RHB Irving Wilson 0-0: Ball
1-0: Ball
2-0: Ball
3-0: Swinging Strike
3-1: Called Strike
3-2: Foul Ball, location: 3SF
3-2: Reached on error, E5 (Groundball, 56, EV 107.5 MPH)
Batting: RHB Phil Logan 0-0: Ball
1-0: Ground out 4-3 (Groundball, 4M, EV 78.1 MPH)
Irving Wilson to third
Batting: RHB Juan Álvarez 0-0: Ball
1-0: Ball
2-0: Swinging Strike
2-1: Called Strike
2-2: Ground out 6-3 (Groundball, 6, EV 87.5 MPH)
Bottom of the 3rd over - 0 runs, 0 hits, 1 error, 1 left on base; Washington 4 - St. Louis 0
TOP OF THE 4TH
Washington Nationals batting - Pitching for St. Louis Cardinals : RHP Daniel Missaki
Batting: RHB Mathies Reuter 0-0: Called Strike
0-1: Ground out 5-3 (Groundball, 5L, EV 102.5 MPH)
Batting: RHB Miguel Sano 0-0: Ball
1-0: Fly out, F7 (Flyball, 7, EV 95.6 MPH)
Batting: RHB Jeremy Austin 0-0: Foul Ball, location: 2F
0-1: Foul Ball, location: 2F
0-2: Fly out, F8 (Line Drive, 8LD, EV 93.1 MPH)
Top of the 4th over - 0 runs, 0 hits, 0 errors, 0 left on base; Washington 4 - St. Louis 0
BOTTOM OF THE 4TH
St. Louis Cardinals batting - Pitching for Washington Nationals : LHP Steve Moss
Batting: RHB Eric Anderson 0-0: Ball
1-0: Called Strike
1-1: Foul Ball, location: 2F
1-2: Ball
2-2: Ball
3-2: Ground out 5-3 (Groundball, 56S, EV 64.4 MPH)
Batting: RHB Sergio Cortés 0-0: Ball
1-0: Foul Ball, location: 23FF
1-1: Foul Ball, location: 2F
1-2: Ball
2-2: Ball
3-2: Base on Balls
Batting: RHB Avery Romero 0-0: Called Strike
0-1: Foul Ball, location: 3F
0-2: Ball
1-2: Foul Ball, location: 25F
1-2: Fly out, F9 (Flyball, 9LS, EV 94.4 MPH)
Batting: RHB José Jiménez 0-0: Foul Ball, location: 3F
0-1: Ball
1-1: Ball
Wild Pitch!
Sergio Cortés to second
2-1: Foul Ball, location: 2F
2-2: Foul Ball, location: 5DF
2-2: Ball
3-2: Ground out 6-3 (Groundball, 6, EV 105.0 MPH)
Bottom of the 4th over - 0 runs, 0 hits, 0 errors, 1 left on base; Washington 4 - St. Louis 0
TOP OF THE 5TH
Washington Nationals batting - Pitching for St. Louis Cardinals : RHP Daniel Missaki
Batting: LHB Bryce Harper 0-0: Ball
1-0: Swinging Strike
1-1: Called Strike
1-2: Strikes out swinging
Batting: LHB David Dahl 0-0: Ball
1-0: Swinging Strike
1-1: SOLO HOME RUN (Flyball, 7D, EV 100.6 MPH), Distance : 372 ft
Pitching: RHP Von Barr
Batting: RHB Oscar Hernandez 0-0: Swinging Strike
0-1: Swinging Strike
0-2: Ball
1-2: Foul Ball, location: 9LMF
1-2: Fly out, F7 (Line Drive, 7, EV 95.0 MPH)
Batting: RHB Aaron Judge 0-0: Ball
1-0: Foul Ball, location: 3FF
1-1: Foul Ball, location: 5DF
1-2: Ball
2-2: Strikes out looking
Top of the 5th over - 1 run, 1 hit, 0 errors, 0 left on base; Washington 5 - St. Louis 0
BOTTOM OF THE 5TH
St. Louis Cardinals batting - Pitching for Washington Nationals : LHP Steve Moss
Batting: RHB Brian Schales 0-0: Called Strike
0-1: Ball
1-1: Ball
2-1: Fly out, F8 (Line Drive, 8LS, EV 102.5 MPH)
Batting: RHB Cal Hewer 0-0: Called Strike
0-1: Called Strike
0-2: Strikes out looking
Batting: RHB Irving Wilson 0-0: Swinging Strike
0-1: Ball
1-1: Swinging Strike
1-2: Foul Ball, location: 25F
1-2: Foul Ball, location: 2F
1-2: Strikes out swinging, 2-3 out at first.
Bottom of the 5th over - 0 runs, 0 hits, 0 errors, 0 left on base; Washington 5 - St. Louis 0
TOP OF THE 6TH
Washington Nationals batting - Pitching for St. Louis Cardinals : RHP Von Barr
Batting: LHB Shane Mardirosian 0-0: Called Strike
0-1: Called Strike
0-2: Strikes out looking
Batting: SHB Lucius Fox Jr. 0-0: Called Strike
0-1: Ball
1-1: Ball
2-1: Foul Ball, location: 2F
2-2: Foul Ball, location: 7LSF
2-2: Ground out 6-3 (Groundball, 6, EV 85.6 MPH)
Batting: RHB Mathies Reuter 0-0: Called Strike
0-1: Ball
1-1: Ball
2-1: Ground out 5-3 (Groundball, 56S, EV 80.6 MPH)
Top of the 6th over - 0 runs, 0 hits, 0 errors, 0 left on base; Washington 5 - St. Louis 0
BOTTOM OF THE 6TH
St. Louis Cardinals batting - Pitching for Washington Nationals : LHP Steve Moss
Batting: RHB Phil Logan 0-0: Ball
1-0: Foul Ball, location: 9LSF
1-1: SINGLE (Groundball, 4MD, EV 103.8 MPH)
Batting: RHB Juan Álvarez 0-0: Ball
1-0: Foul Ball, location: 2F
1-1: Fly out, F8 (Line Drive, 8RM, EV 103.8 MPH)
Batting: RHB Eric Anderson 0-0: Called Strike
0-1: Foul Ball, location: 2F
0-2: Ball
1-2: Grounds into double play, 4-6-3 (Groundball, 34, EV 102.5 MPH)
Bottom of the 6th over - 0 runs, 1 hit, 0 errors, 0 left on base; Washington 5 - St. Louis 0
TOP OF THE 7TH
Washington Nationals batting - Pitching for St. Louis Cardinals : RHP Von Barr
Batting: RHB Miguel Sano 0-0: Ball
1-0: Foul Ball, location: 2F
1-1: Ball
2-1: SINGLE (Groundball, 34D, EV 106.9 MPH) (infield hit)
Batting: RHB Jeremy Austin 0-0: Ball
1-0: SINGLE (Line Drive, 4MD, EV 99.4 MPH)
Miguel Sano to second
Batting: LHB Bryce Harper 0-0: Called Strike
0-1: Swinging Strike
0-2: Ball
1-2: SINGLE (Groundball, 13, EV 68.8 MPH) (infield hit)
Miguel Sano to third
Jeremy Austin to second
Batting: LHB David Dahl 0-0: Foul Ball, location: 7LMF
0-1: Fly out, F9 (Line Drive, 9, EV 92.5 MPH)
Batting: RHB Oscar Hernandez 0-0: Ball
1-0: Foul Ball, location: 3F
1-1: Foul Ball, location: 3F
1-2: Foul Ball, location: 2F
1-2: Ball
2-2: Ball
3-2: SINGLE (Line Drive, 9S, EV 93.1 MPH)
Miguel Sano scores
Jeremy Austin to third
Bryce Harper to second
Batting: RHB Aaron Judge 0-0: Ball
1-0: Ball
2-0: Ball
3-0: Base on Balls
Jeremy Austin scores
Bryce Harper to third
Oscar Hernandez to second
Batting: LHB Shane Mardirosian 0-0: Ball
1-0: Fly out, F2 (Popup, 15S, EV 89.4 MPH)
Batting: SHB Lucius Fox Jr. 0-0: Ball
1-0: Called Strike
1-1: Ball
2-1: Ball
3-1: SINGLE (Flyball, 8RS, EV 88.8 MPH)
Bryce Harper scores
Oscar Hernandez to third
Aaron Judge to second
Runner from 3rd tries for Home, SAFE, throw by CF to home
Batting: RHB Mathies Reuter 0-0: Ball
1-0: Foul Ball, location: 2F
1-1: Ground out 5-3 (Groundball, 56, EV 99.4 MPH)
Top of the 7th over - 4 runs, 5 hits, 0 errors, 2 left on base; Washington 9 - St. Louis 0
BOTTOM OF THE 7TH
St. Louis Cardinals batting - Pitching for Washington Nationals : LHP Steve Moss
Batting: RHB Sergio Cortés 0-0: Swinging Strike
0-1: Swinging Strike
0-2: Ball
1-2: Fly out, F9 (Flyball, 89S, EV 91.9 MPH)
Batting: RHB Avery Romero 0-0: Called Strike
0-1: Ground out 5-3 (Groundball, 56, EV 103.8 MPH)
Batting: RHB José Jiménez 0-0: Ball
1-0: Called Strike
1-1: Foul Ball, location: 9LDF
1-2: Fly out, F9 (Flyball, 89M, EV 95.6 MPH)
Bottom of the 7th over - 0 runs, 0 hits, 0 errors, 0 left on base; Washington 9 - St. Louis 0
TOP OF THE 8TH
Washington Nationals batting - Pitching for St. Louis Cardinals : RHP Von Barr
Pitching: RHP Nelson Acosta
Batting: RHB Miguel Sano 0-0: Ball
1-0: Called Strike
1-1: Called Strike
1-2: Strikes out looking
Batting: RHB Jeremy Austin 0-0: Fly out, F9 (Line Drive, 9, EV 95.6 MPH)
Batting: LHB Bryce Harper 0-0: Swinging Strike
0-1: Swinging Strike
0-2: Foul Ball, location: 7LMF
0-2: Strikes out swinging
Top of the 8th over - 0 runs, 0 hits, 0 errors, 0 left on base; Washington 9 - St. Louis 0
BOTTOM OF THE 8TH
St. Louis Cardinals batting - Pitching for Washington Nationals : LHP Steve Moss
Batting: RHB Brian Schales 0-0: Called Strike
0-1: Ball
1-1: Swinging Strike
1-2: Hit by Pitch
Pitching: RHP Garrett Nuss
Pinch Hitting: LHB Jason Heyward 0-0: Fielders Choice at 2nd, 5-4 (Groundball, 5, EV 81.9 MPH)
Batting: RHB Irving Wilson 0-0: Ball
1-0: Foul Ball, location: 9LMF
1-1: Foul Ball, location: 9LMF
1-2: Strikes out looking
Pinch Hitting: LHB Zak Taylor 0-0: SINGLE (Line Drive, 78M, EV 96.9 MPH)
Jason Heyward to second
Pinch Hitting: RHB Chris Jarvis 0-0: Ground out 4-3 (Groundball, 34, EV 84.4 MPH)
Bottom of the 8th over - 0 runs, 1 hit, 0 errors, 2 left on base; Washington 9 - St. Louis 0
TOP OF THE 9TH
Washington Nationals batting - Pitching for St. Louis Cardinals : RHP Nelson Acosta
Pitching: LHP Kyle Crockett
Now at SS: Chris Jarvis
Now in LF: Zak Taylor
Now in RF: Jason Heyward
Batting: LHB David Dahl 0-0: SINGLE (Groundball, 4MD, EV 105.0 MPH)
Batting: RHB Oscar Hernandez 0-0: Called Strike
0-1: Ball
1-1: Ball
2-1: Foul Ball, location: 3F
2-2: Ball
3-2: Foul Ball, location: 7LDF
3-2: Base on Balls
David Dahl to second
Batting: RHB Aaron Judge 0-0: Ball
1-0: Ball
2-0: Foul Ball, location: 2F
2-1: Foul Ball, location: 2F
2-2: Ball
3-2: Strikes out looking
Batting: LHB Shane Mardirosian 0-0: Ball
Passed Ball!
David Dahl to third
Oscar Hernandez to second
1-0: Ball
2-0: Swinging Strike
2-1: Swinging Strike
2-2: Fly out, F8 (Flyball, 8LD, EV 96.9 MPH)
Runner from 3rd tags up, SCORES, throw by CF
Oscar Hernandez to third
Pitching: LHP Chad Cooke
Batting: SHB Lucius Fox Jr. 0-0: Fly out, F8 (Flyball, 8LS, EV 86.3 MPH)
Top of the 9th over - 1 run, 1 hit, 0 errors, 1 left on base; Washington 10 - St. Louis 0
BOTTOM OF THE 9TH
St. Louis Cardinals batting - Pitching for Washington Nationals : RHP Garrett Nuss
Batting: RHB Eric Anderson 0-0: Ball
1-0: Foul Ball, location: 23F
1-1: Swinging Strike
1-2: Strikes out swinging
Batting: RHB Sergio Cortés 0-0: Called Strike
0-1: Foul Ball, location: 5SF
0-2: Foul Ball, location: 2F
0-2: Ball
1-2: Strikes out looking
Batting: RHB Avery Romero 0-0: Ball
1-0: Ball
2-0: Ball
3-0: Base on Balls
Batting: RHB José Jiménez 0-0: Ball
1-0: Ball
2-0: SINGLE (Line Drive, 4D, EV 99.4 MPH)
Avery Romero to second
Pinch Hitting: SHB Lucas Tirado 0-0: Ball
1-0: Swinging Strike
1-1: Ball
2-1: Foul Ball, location: 23FF
2-2: Ball
3-2: Ground out 4-3 (Groundball, 4, EV 90.6 MPH)
Bottom of the 9th over - 0 runs, 1 hit, 0 errors, 2 left on base; Washington 10 - St. Louis 0
Tuesday, July 15th , 2025 - OOTP Baseball 26.5 Build 66